 Seeded DCSS version 0.29.1-12-g30fa7ad0bf (webtiles) character file.

Game seed: 9845822215292249863 (custom seed)

242 Sanktem7 the Conjurer (level 5, -8/28 HPs)
             Began as a Deep Elf Conjurer on Jan 7, 2023.
             Killed by divine providence
             ... invoked by an orc priest
              (11 damage)
             ... on level 3 of the Dungeon.
             The game lasted 00:09:17 (3280 turns).

Sanktem7 the Conjurer (Deep Elf Conjurer)           Turns: 3280, Time: 00:09:18

Health: -8/28      AC: 10    Str:  8    XL:     5   Next: 81%
Magic:  9/15       EV: 27    Int: 34    God:
Gold:   1331       SH:  4    Dex: 17    Spells: 13/16 levels left

rFire   + . .      SeeInvis .   h - staff of conjuration {!a@e2staff}
rCold   . . .      Faith    .   g - +0 buckler of Noon {rF+ Int+5 Stlth+}
rNeg    . . .      Spirit   .   y - +4 robe of Augmentation {Str+4 Int+4 Dex+4}
rPois   .          Reflect  .   (no helmet)
rElec   .          Harm     .   p - +0 cloak {Stlth+}
rCorr   .          Rampage  .   (no gloves)
Will    +....                   u - +2 pair of boots
Stlth   ++++......              k - amulet of the acrobat
HPRegen 0.09/turn               i - ring of willpower
MPRegen 0.14/turn               (no ring)

@: acrobatic
A: no striking features
a: no special abilities


You were on level 3 of the Dungeon.
You visited 1 branch of the dungeon, and saw 4 of its levels.

You collected 1331 gold pieces.


   Skills:
 - Level 2.4 Dodging
 + Level 3.0 Stealth
 * Level 6.0 Spellcasting
 * Level 6.2 Conjurations


You had 13 spell levels left.
You knew the following spells:

 Your Spells              Type           Power      Damage    Failure   Level
a - Magic Dart            Conj           100%       1d8       1%          1
b - Searing Ray           Conj           100%       2d8       1%          2

Your spell library contained the following spells:

 Spells                   Type           Power      Damage    Failure   Level
 Dazzling Flash           Conj/Hex       94%        N/A       4%          3
 Gell's Gravitas          Tloc           10%        N/A       16%         3
 Lesser Beckoning         Tloc           10%        N/A       16%         3
 Teleport Other           Tloc           10%        N/A       16%         3
 Fulminant Prism          Conj/Hex       23%        3d13      16%         4
 Iskenderun's Mystic Bla  Conj/Tloc      47%        2d10      16%         4

Inventory:

Hand Weapons
 d - a +0 spear {polearm}
   (You found it on level 1 of the Dungeon)
 f - a +1 short sword {short}
   (You took it off a kobold on level 1 of the Dungeon)
Missiles
 j - 42 stones {throwing}
 n - 5 poisoned darts {throwing}
 r - 4 boomerangs {throwing}
Armour
 a - a +0 robe
 g - the +0 buckler of Noon (worn) {rF+ Int+5 Stlth+}
   (You acquired it on level 1 of the Dungeon)

   Int:       It affects your intelligence (+5).
   rF:        It protects you from fire.
   Stlth:     It makes you more stealthy.
 p - a +0 cloak of stealth (worn)
   (You acquired it on level 1 of the Dungeon)
 u - a +2 pair of boots (worn)
   (You found it on level 2 of the Dungeon)
 y - the +4 robe of Augmentation (worn) {Str+4 Int+4 Dex+4}
   (You found it on level 3 of the Dungeon)

   Str:       It affects your strength (+4).
   Int:       It affects your intelligence (+4).
   Dex:       It affects your dexterity (+4).
Magical Staves
 h - a staff of conjuration (weapon) {!a@e2staff}
   (You found it on level 1 of the Dungeon)
Jewellery
 i - a ring of willpower (left hand)
   (You found it on level 1 of the Dungeon)
 k - an amulet of the acrobat (around neck)
   (You found it on level 1 of the Dungeon)
Wands
 e - a wand of polymorph (7)
   (You took it off Natasha on level 3 of the Dungeon)
Scrolls
 c - a scroll of teleportation {@r4}
 t - a scroll of poison {!r}
 x - a scroll of butterflies
 A - a scroll of enchant weapon
Potions
 b - 2 potions of magic
 o - 3 potions of heal wounds {@q2}
 v - 2 potions of brilliance

Dungeon Overview and Level Annotations

Branches:
Dungeon (4/15) Zot: 20719
 Temple: D:4-7

Altars:

.......#.#.......#.# #.# #.#
...#.....#.......#.# #.# #.#
.###.#.#.#.......#.# #.# #.#
.#
#.#.#.#......##)###.########.#
.#
#.#.#........................#
.#
#.#.#.#.....#.#.###.##########
.# #.#.#.#.#.#...#...#.#
####.#.#.#.#...#.###.#.#
.....#.#.#.#####@....#.#
....##.#.#.# ##..##..#
....##.#.#.#######.##.##
....##.#........##oo..#
....##.##.#####.###..##
....#.........#.# #>.#
....#......##.#<###.##
....#...............#
....#####...........#


You could see an orc priest and an orc.


Message History

Casting: Magic Dart (safe; 1% risk of failure)
Confirm with . or Enter, or press ? or * to list all spells.
Aiming: Magic Dart (safe; 1% risk of failure)
Press: ? - help, Shift-Dir - straight line, f - orc wizard
Aim: an orc wizard, wielding a +0 dagger and wearing a +0 robe (100% to hit)
You feel a surge of power!
The magic dart hits the orc wizard.
The orc wizard hits you but does no damage. 😎 MP[-1]
You lost 1 mp, and now have 14/15 mp.
Casting: Magic Dart (safe; 1% risk of failure)
Confirm with . or Enter, or press ? or * to list all spells.
Aiming: Magic Dart (safe; 1% risk of failure)
Press: ? - help, Shift-Dir - straight line, f/p - orc wizard
Aim: an orc wizard, wielding a +0 dagger and wearing a +0 robe (moderately wounded, 100% to hit)
You feel a surge of power!
The magic dart hits the orc wizard.
The orc wizard closely misses you.
The orc hits you but does no damage. 😎 MP[-1]
You lost 1 mp, and now have 13/15 mp.
Casting: Magic Dart (safe; 1% risk of failure)
Confirm with . or Enter, or press ? or * to list all spells.
Aiming: Magic Dart (safe; 1% risk of failure)
Press: ? - help, Shift-Dir - straight line, f/p - orc wizard
Aim: an orc wizard, wielding a +0 dagger and wearing a +0 robe (severely wounded, 100% to hit)
You feel a surge of power!
The magic dart hits the orc wizard.
You kill the orc wizard!
The orc completely misses you.
Your Stealth skill increases to level 3!
Your Spellcasting skill increases to level 6! 😎 MP[-1]
You lost 1 mp, and now have 12/15 mp.
Casting: Magic Dart (safe; 1% risk of failure)
Confirm with . or Enter, or press ? or * to list all spells.
Aiming: Magic Dart (safe; 1% risk of failure)
Press: ? - help, Shift-Dir - straight line, f - orc
Aim: an orc, wielding a +0 dagger (100% to hit)
You feel a surge of power!
The magic dart hits the orc.
The orc hits you with a +0 dagger.
An orc comes into view.
It is wielding a +0 mace. 😕 HP[-2] MP[-1]
You take 2 damage, and now have 26/28 hp.
You lost 1 mp, and now have 11/15 mp.
Casting: Magic Dart (safe; 1% risk of failure)
Confirm with . or Enter, or press ? or * to list all spells.
Aiming: Magic Dart (safe; 1% risk of failure)
Press: ? - help, Shift-Dir - straight line, f/p - orc
Aim: an orc, wielding a +0 dagger (lightly wounded, 100% to hit)
You feel a surge of power!
The magic dart hits the orc.
You kill the orc!
A quokka comes into view. 😕 MP[-1]
You lost 1 mp, and now have 10/15 mp.
Casting: Magic Dart (safe; 1% risk of failure)
Confirm with . or Enter, or press ? or * to list all spells.
Aiming: Magic Dart (safe; 1% risk of failure)
Press: ? - help, Shift-Dir - straight line, f - orc priest
Aim: an orc priest, wielding a +0 hand axe and wearing a +0 ring mail (100% to hit)
You feel a surge of power!
The magic dart hits the orc priest.
The orc priest hits you with a +0 hand axe. 😕 HP[-1] MP[-1]
You take 1 damage, and now have 25/28 hp.
You lost 1 mp, and now have 9/15 mp.
Casting: Magic Dart (safe; 1% risk of failure)
Confirm with . or Enter, or press ? or * to list all spells.
Aiming: Magic Dart (safe; 1% risk of failure)
Press: ? - help, Shift-Dir - straight line, f/p - orc priest
Aim: an orc priest, wielding a +0 hand axe and wearing a +0 ring mail (moderately wounded, 100% to hit)
You feel a surge of power!
The magic dart hits the orc priest but does no damage.
The orc priest barely misses you.
Casting: Magic Dart (safe; 1% risk of failure)
Confirm with . or Enter, or press ? or * to list all spells.
Aiming: Magic Dart (safe; 1% risk of failure)
Press: ? - help, Shift-Dir - straight line, f/p - orc priest
Aim: an orc priest, wielding a +0 hand axe and wearing a +0 ring mail (moderately wounded, 100% to hit)
You feel a surge of power!
The magic dart hits the orc priest!
The orc priest mumbles some strange prayers to Beogh against you.
Pain shoots through your body! 😮 HP[-10] MP[-1]
You take 10 damage, and now have 15/28 hp.
MASSIVE DAMAGE!! (PAUSE)
You lost 1 mp, and now have 8/15 mp.
The orc barely misses you.
The orc priest hits you with a +0 hand axe.
* * * LOW HITPOINT WARNING * * *
You climb upwards.
There is a stone staircase leading down here.
You block the orc's attack. The orc attacks as you move away!
The orc barely misses you.
The orc priest attacks as you move away!
The orc priest hits you but does no damage.
The orc priest calls down the wrath of Beogh upon you.
Beogh smites you!
* * * LOW HITPOINT WARNING * * *
😱 HP[-12]
You take 12 damage, and now have 3/28 hp.
MASSIVE DAMAGE!! (PAUSE) 😱 MP[+1]
The orc priest mumbles some strange prayers to Beogh against you.
Beogh smites you!
You die...

Skill      XL: |  1  2  3  4  5 |
---------------+----------------+-----
Spellcasting   | 4 5 6 |  6.0
Conjurations   | 5 6 |  6.2
Stealth        | 3 |  3.0
Dodging        | |  2.4

Action                   |  1- 3 |  4- 6 || total
-------------------------+-------+-------++-------
 Cast: Magic Dart        |    59 |    82 ||   141
       Searing Ray       |       |     1 ||     1
  Use: Scroll            |     3 |    10 ||    13
       Potion            |       |     4 ||     4
Armor: Robe              |     1 |     7 ||     8
Dodge: Dodged            |     2 |    10 ||    12
Block: Buckler           |     1 |     5 ||     6

Levels and vault maps discovered:
D:1:      giann_bridges, layout_basic
D:2:      layout_loops_cross, ebering_ecumenical_altar_hall
D:3:      layout_basic, uniq_natasha
D:4:      layout_loops_ring, lemuel_temple_firewalk_a, uniq_pikel,
          uniq_eustachio, uniq_menkaure

Notes
Turn   | Place    | Note
-------+----------+-------------------------------------------
     0 | D:1      | Sanktem7 the Deep Elf Conjurer began the quest for the Orb.
     0 | D:1      | Reached XP level 1. HP: 10/10 MP: 6/6
     0 | D:1      | magus.rc [v1.9.6]
   264 | D:1      | Reached XP level 2. HP: 15/15 MP: 4/8
   605 | D:1      | Reached skill level 4 in Spellcasting
   605 | D:1      | Reached skill level 5 in Conjurations
   605 | D:1      | Reached XP level 3. HP: 10/19 MP: 2/10
   993 | D:1      | Identified 3 scrolls of acquirement
   993 | D:1      | Acquired a +0 cloak of stealth
   994 | D:1      | Acquired the +0 buckler of Noon {rF+ Int+5 Stlth+}
   995 | D:1      | Acquired 1173 gold pieces
  1065 | D:2      | Found a faded altar of an unknown god.
  1314 | D:2      | You pick up a book of Displacement and begin reading...
  1314 | D:2      | You add the spells Lesser Beckoning, Gell's Gravitas and
                  | Teleport Other to your library.
  1318 | D:2      | Learned a level 2 spell: Searing Ray
  1745 | D:2      | Reached XP level 4. HP: 24/24 MP: 9/12
  1988 | D:3      | Reached skill level 5 in Spellcasting
  2169 | D:3      | Noticed Natasha
  2179 | D:3      | Killed Natasha
  2180 | D:3      | Reached XP level 5. HP: 28/28 MP: 3/14
  2337 | D:3      | Found the +4 robe of Augmentation {Str+4 Int+4 Dex+4}
  2504 | D:3      | Noticed Natasha
  2508 | D:3      | Killed Natasha
  2509 | D:3      | Reached skill level 6 in Conjurations
  3132 | D:3      | Noticed Natasha
  3135 | D:3      | Killed Natasha
  3269 | D:4      | Reached skill level 3 in Stealth
  3269 | D:4      | Reached skill level 6 in Spellcasting
  3278 | D:3      | HP: 3/28 [orc priest/divine providence (12)]
  3280 | D:3      | Killed from afar by an orc priest

Vanquished Creatures
  An iguana (D:3)
  Natasha (thrice) (D:3)
  An orc wizard (D:4)
  4 adders
  A gnoll (D:1)
  A worm (D:2)
  2 dart slugs (D:1)
  6 orcs
  5 ball pythons
  9 bats
  6 endoplasms
  3 giant cockroaches
  2 goblins (D:1)
  4 hobgoblins
  5 kobolds
  3 quokkas
  4 frilled lizards
  5 rats
65 creatures vanquished.

Table legend:
 A = Non-vault XP
 B = Vault XP
 C = Vault XP percentage of total XP
 D = Non-vault monster count
 E = Vault monster count
 F = Vault count percentage of total count
                 A         B        C        D         E       F
            +---------+---------+-------+---------+---------+-------
      Total |     311 |      35 |  10.1 |      64 |       1 |   1.5
            +---------+---------+-------+---------+---------+-------
        D:1 |      50 |       0 |   0.0 |      20 |       0 |   0.0
        D:2 |      60 |       0 |   0.0 |      14 |       0 |   0.0
        D:3 |     152 |      35 |  18.7 |      24 |       1 |   4.0
        D:4 |      49 |       0 |   0.0 |       6 |       0 |   0.0
            +---------+---------+-------+---------+---------+-------

Illustrated notes

Table legend:
 A = Kills in this place as a percentage of kills in entire the game.
 B = Kills by you in this place as a percentage of kills by you in the entire game.
 C = Kills by friends in this place as a percentage of kills by friends in the entire game.
 D = Other kills in this place as a percentage of other kills in the entire game.
 E = Experience gained in this place as a percentage of experience gained in the entire game.
 F = Experience gained in this place divided by the number of levels of this place that you have seen.
                   A       B       C       D       E      F
               +-------+-------+-------+-------+-------+----------------------
         Total | 100.0 | 100.0 |   N/A |   N/A | 100.0 |  86.5
       Dungeon | 100.0 | 100.0 |   N/A |   N/A | 100.0 |  86.5
               +-------+-------+-------+-------+-------+----------------------

Table legend: (Time is in decaauts)
 A = Elapsed time spent in this place.
 B = Non-inter-level travel time spent in this place.
 C = Inter-level travel time spent in this place.
 D = Time resting spent in this place.
 E = Time spent auto-exploring this place.
 F = Levels seen in this place.
 G = Mean time per level.
                   A        B        C        D        E       F      G
               +--------+--------+--------+--------+--------+-----+--------+
         Total |   3279 |   3211 |     68 |     60 |   2794 |   4 |  819.8 |
       Dungeon |   3279 |   3211 |     68 |     60 |   2794 |   4 |  819.8 |
               +--------+--------+--------+--------+--------+-----+--------+

Top non-repeatable levels by time:
     D:3: 1335 daAuts
     D:1: 1016 daAuts
     D:2: 886 daAuts
     D:4: 41 daAuts
